 Dungeon Crawl Stone Soup version 0.31.0-32-g396128a36d (webtiles) character file.

Game seed: 15750376591169861435

112 imdaedric the Trooper (level 4, -1/41 HPs)
             Began as a Minotaur Fighter on Apr 13, 2024.
             Incinerated by a bombardier beetle (3 damage)
             ... with a burning spray
             ... on level 4 of the Dungeon.
             The game lasted 00:04:10 (2516 turns).

imdaedric the Trooper (Minotaur Fighter)            Turns: 2516, Time: 00:04:11

Health: -1/41      AC:  7    Str: 23    XL:     4   Next: 64%
Magic:  3/3        EV:  9    Int:  5    God:
Gold:   171        SH:  8    Dex:  9    Spells: 3/3 levels left

rFire   . . .        a - +0 war axe
rCold   . . .        e - +0 kite shield
rNeg    + . .        b - +0 scale mail
rPois   .            (helmet restricted)
rElec   .            (no cloak)
rCorr   .            (no gloves)
SInv    .            (no boots)
Will    .....        (no amulet) Stlth
                     g - ring of positive energy
HPRegen 0.26/turn    (no ring)
MPRegen 0.08/turn

%: no passive effects
@: on fire, glowing
A: horns 2, retaliatory headbutt
a: no special abilities


You were on level 4 of the Dungeon.
You visited 1 branch of the dungeon, and saw 4 of its levels.

You collected 171 gold pieces.

Inventory:

Hand Weapons
 a - a +0 war axe (weapon)
Missiles
 l - 11 poisoned darts (quivered)
Armour
 b - a +0 scale mail (worn)
 e - a +0 kite shield (worn)
Jewellery
 g - a ring of positive energy (left hand)
Scrolls
 c - a scroll of enchant weapon {unknown}
 f - a scroll of fog {unknown}
 j - a scroll of noise {unknown}
 k - a scroll of poison
 m - a scroll of butterflies {unknown}
 o - a scroll of revelation {unknown}
 p - a scroll of teleportation {unknown}
 q - 2 scrolls of vulnerability {unknown}
Potions
 d - a potion of might
 h - a potion of cancellation


   Skills:
 + Level 4.4 Fighting
 + Level 3.4 Axes
 + Level 1.3 Throwing
 + Level 4.4 Armour
 + Level 1.4 Dodging
 - Level 3.9 Shields


You had 3 spell levels left.
You didn't know any spells.
Your spell library contained the following spells:

 Spells                   Type           Power      Damage    Failure   Level
 Magic Dart               Conj           0%         1d3       96%         1
 Searing Ray              Conj           0%         2d4       99%         2
 Ozocubu's Armour         Ice            0%         N/A       100%        3
 Fulminant Prism          Conj/Alch      0%         3d5       100%        4
 Metabolic Englaciation   Hex/Ice        0%         N/A       100%        5
 Sculpt Simulacrum        Ice/Alch       0%         N/A       100%        6


Dungeon Overview and Level Annotations

Branches:
Dungeon (4/15)
 Temple: D:4-7

Altars:


Innate Abilities, Weirdness & Mutations

You have a pair of horns on your head.
You reflexively headbutt those who attack you in melee.


Message History

You are on fire!
You are on fire!
You are on fire!
You are on fire!
You are on fire!
You are on fire!
You are on fire!
You are on fire!
You are on fire!
The liquid fire burns you! The liquid fire burns you!
The liquid fire burns you! The liquid fire burns you!
* * * LOW HITPOINT WARNING * * *
The liquid fire burns you!
* * * LOW HITPOINT WARNING * * *
You feel much better. The liquid fire burns you! The liquid fire burns you!
The liquid fire burns you! The liquid fire burns you!
The liquid fire burns you! The liquid fire burns you!
* * * LOW HITPOINT WARNING * * *
The liquid fire burns you!
* * * LOW HITPOINT WARNING * * *
The liquid fire burns you!
* * * LOW HITPOINT WARNING * * *
You feel better. The liquid fire burns you!
* * * LOW HITPOINT WARNING * * *
You feel better. The liquid fire burns you!
* * * LOW HITPOINT WARNING * * *
You are on fire!
You are on fire!
The liquid fire burns you!
* * * LOW HITPOINT WARNING * * *
The liquid fire burns you!
You die...

# .# ######.##
#.......#
#........
#......#
########......##
#.......@†......
#.######......##
#.# #......# #.#
#......# ###.###
######## #.....#
#.....# #.....#
#.....#


There were no monsters in sight!

Vanquished Creatures
  A bombardier beetle (D:4)
  An adder (D:2)
  A dart slug (D:2)
  A ribbon worm (D:2)
  8 endoplasms
  2 giant cockroaches (D:2)
  6 goblins
  7 hobgoblins
  4 jackals (D:2)
  5 kobolds
  4 quokkas
  3 ball pythons
  9 bats
  3 frilled lizards
  6 rats
  A spectral goblin (D:2)
62 creatures vanquished.

Notes
Turn   | Place    | Note
-------+----------+-------------------------------------------
     0 | D:1      | imdaedric the Minotaur Fighter began the quest for the Orb.
     0 | D:1      | Reached XP level 1. HP: 19/19 MP: 0/0
   377 | D:1      | Reached XP level 2. HP: 27/27 MP: 1/1
  1168 | D:2      | Reached XP level 3. HP: 26/33 MP: 2/2
  1511 | D:2      | Reached skill level 1 in Throwing
  1653 | D:2      | Reached skill level 1 in Dodging
  1653 | D:2      | Reached XP level 4. HP: 40/40 MP: 3/3
  1719 | D:2      | Found a faded altar of an unknown god.
  2515 | D:4      | HP: 2/41 [burnt (6)]
  2516 | D:4      | Incinerated by a bombardier beetle

Illustrated notes

Levels and vault maps discovered:
D:1:      dpeg_chamrin_arrival_tetris, layout_basic
D:2:      minmay_skewed_foursquare, layout_rooms,
          dreamdust_ecumenical_altar_drowned_temple, kennysheep_nondescript,
          kennysheep_generic_room_13
D:3:      layout_loops_ring, hangedman_glass_teeth,
          chequers_serial_rivers_micro_d, minmay_misc_feat_ornament,
          minmay_misc_feat_rows, roderic_batcave
D:4:      layout_basic, lemuel_tele_altar, serial_corexii_hall,
          corexii_hall_statues_i, chequers_hall_statues_corner_a

Skill      XL: |  1  2  3 |
---------------+----------+-----
Fighting       | 4 |  4.4
Armour         | 4 |  4.4
Axes           | 3 |  3.4
Throwing       | 1 |  1.3
Dodging        | 1 |  1.4
Shields        | |  3.9

Action                     |  1- 3 |  4- 6 || total
---------------------------+-------+-------++-------
  Melee: War axe           |   100 |    28 ||   128
         Headbutt          |     4 |     8 ||    12
    Use: Scroll            |     2 |     2 ||     4
         Potion            |       |     3 ||     3
 Armour: Scale mail        |    64 |    13 ||    77
  Dodge: Dodged            |    32 |    12 ||    44
  Block: Kite shield       |    42 |    16 ||    58
         Buckler           |     1 |       ||     1
